 Dungeon Crawl Stone Soup version 0.29-a0-416-g83a48905f1 (webtiles) character file.

Game seed: 15326098787023660630

352 hquester the Grave Robber (level 6, -3/44 HPs)
             Began as a Demonspawn Necromancer on May 16, 2022.
             Splashed by a jelly's acid (6 damage)
             ... on level 5 of the Dungeon.
             The game lasted 00:20:46 (3354 turns).

hquester the Grave Robber (Demonspawn Necromancer)  Turns: 3354, Time: 00:20:46

Health: -3/44      AC: 10    Str:  8    XL:     6   Next: 35%
Magic:  10/10      EV: 13    Int: 19    God:
Gold:   188        SH:  0    Dex: 15    Spells: 3/11 levels left

rFire   . . .      SeeInvis .   i - +0 dagger (spect)
rCold   . . .      Faith    .   (no shield)
rNeg    . . .      Spirit   .   a - +0 robe
rPois   .          Reflect  .   (no helmet)
rElec   .          Harm     .   (no cloak)
rCorr   .          Rampage  .   (no gloves)
Will    .....                   (no boots)
Stlth   +++.......              (no amulet)
HPRegen 0.14/turn               c - +4 ring of protection
MPRegen 0.12/turn               q - +4 ring of protection

@: no status effects
A: thin skeletal structure 1, powered by pain 1, demonic touch 1
a: no special abilities


You were on level 5 of the Dungeon.
You visited 1 branch of the dungeon, and saw 5 of its levels.

You collected 188 gold pieces.

Inventory:

Hand Weapons
 f - a +0 hunting sling
 i - a +0 spectral dagger (weapon)
 u - a +0 dagger of speed
Armour
 a - a +0 robe (worn)
Jewellery
 c - a +4 ring of protection (left hand)
 q - a +4 ring of protection (right hand)
Wands
 t - a wand of paralysis (6)
Scrolls
 l - 2 scrolls of brand weapon
 w - a scroll of teleportation
Potions
 b - a potion of magic
 d - 2 potions of attraction
 e - 2 potions of curing {unknown}
 h - 2 potions of resistance {unknown}
 j - 3 potions of haste
 k - 2 potions of cancellation
 m - 3 potions of heal wounds
 p - 2 potions of flight {unknown}
 r - a potion of invisibility
 s - a potion of ambrosia {unknown}
 v - a potion of mutation {unknown}


   Skills:
 + Level 2.2 Fighting
 + Level 2.0 Short Blades
 + Level 3.0 Dodging
 + Level 3.2 Stealth
 + Level 3.1 Spellcasting
 + Level 5.3 Necromancy


You had 3 spell levels left.
You knew the following spells:

 Your Spells              Type           Power      Damage    Failure   Level
a - Pain                  Necr           92%        1d8       1%          1
b - Vampiric Draining     Necr           23%        2d7       4%          3
c - Animate Dead          Necr           11%        N/A       17%         4

Your spell library contained the following spells:

 Spells                   Type           Power      Damage    Failure   Level
 Animate Skeleton         Necr           46%        N/A       1%          1
 Tukima's Dance           Hex            2%         N/A       41%         3
 Agony                    Necr           23%        N/A       43%         5
 Anguish                  Hex/Necr       6%         N/A       45%         4
 Summon Ice Beast         Ice/Summ       2%         N/A       83%         4
 Summon Mana Viper        Hex/Summ       2%         N/A       99%         5
 Enfeeble                 Hex            1%         N/A       100%        7
 Monstrous Menagerie      Summ           1%         N/A       100%        7


Dungeon Overview and Level Annotations

Branches:
Dungeon (5/15)
 Temple: D:4-7

Altars:

Shops:
D:1 (


Innate Abilities, Weirdness & Mutations

You have a somewhat thin skeletal structure. (Dex +2, Stealth+)
You sometimes gain a little power by taking damage.
Your touch may inflict minor irresistible damage on your foes.


Message History

The centaur kicks you but does no damage.
You barely miss the centaur.
The centaur is severely wounded.
Your +0 spectral dagger hits the centaur.
The centaur hits your +0 spectral dagger but does no damage.
The centaur misses your +0 spectral dagger.
The centaur barely misses your +0 spectral dagger.
The centaur kicks your +0 spectral dagger but does no damage.
You hit the centaur but do no damage.
The centaur is almost dead.
Your +0 spectral dagger hits the centaur.
The centaur hits you.
* * * LOW HITPOINT WARNING * * *
The centaur kicks you but does no damage.
You completely miss the centaur.
You touch the centaur.
You kill the centaur!
Your Short Blades skill increases to level 2!
Your Dodging skill increases to level 3!
There is a stone staircase leading down, spattered with blood here.
Things that are here:
a +0 shortbow; a +0 leather armour; a +0 dagger You climb downwards.
You hear the hiss of flowing sand.
There is an entrance to an ossuary on this level.
Hurry and find it before the portal is buried!
The jelly misses you.
There is a stone staircase leading up, spattered with blood here.
The scorpion barely misses you. The jelly hits you but does no damage.
The scorpion stings you but does no damage.
You hit the jelly.
Your hands burn!
* * * LOW HITPOINT WARNING * * *
Your touch misses the jelly.
The jelly is lightly wounded.
Your +0 spectral dagger hits the jelly.
Your +0 spectral dagger is burned by acid!
Your spectral weapon shares its damage with you!
* * * LOW HITPOINT WARNING * * *
The jelly hits you.
* * * LOW HITPOINT WARNING * * *
You are splashed with acid.
You die...

.. .... .
###
.....#.##..
#.#.#.#.#.#
..o.......##
#.#.#.#.#..
...o.....#
#.#.#.#.#@#
....o..sJ(#
#.#.#.#.#.#
.......<..#
#.#.#.#.#.#
##.#### #.
.. ###


You could see a scorpion, a jelly, 2 orc priests and a friendly +0 spectral
dagger (summoned).

Vanquished Creatures
  A centaur (D:4)
  A hound (D:4)
  2 orc priests (D:4)
  Jessica (D:3)
  Ijyb (D:4)
  An orc wizard (D:4)
  4 adders
  A worm (D:4)
  2 dart slugs
  6 orcs (D:4)
  9 ball pythons
  4 endoplasms
  2 giant cockroaches
  4 goblins
  5 hobgoblins
  2 jackals (D:2)
  5 quokkas
  3 bats
  3 frilled lizards
  8 kobolds
  2 rats
67 creatures vanquished.

Notes
Turn   | Place    | Note
-------+----------+-------------------------------------------
     0 | D:1      | hquester the Demonspawn Necromancer began the quest for the
                  | Orb.
     0 | D:1      | Reached XP level 1. HP: 13/13 MP: 3/3
   458 | D:2      | Gained mutation: You have a somewhat thin skeletal
                  | structure. (Dex +2, Stealth+) [demonic ancestry]
   458 | D:2      | Reached XP level 2. HP: 19/19 MP: 5/5
   484 | D:2      | Found a faded altar of an unknown god.
   954 | D:1      | Found Kefaythi's Weapon Shoppe.
  1212 | D:2      | Gained mutation: You sometimes gain a little power by
                  | taking damage. [demonic ancestry]
  1212 | D:2      | Reached XP level 3. HP: 18/25 MP: 6/6
  1881 | D:2      | Learned a level 3 spell: Vampiric Draining
  2042 | D:3      | Noticed Jessica
  2049 | D:3      | Killed Jessica
  2050 | D:3      | Reached skill level 1 in Fighting
  2050 | D:3      | Reached skill level 1 in Short Blades
  2050 | D:3      | Reached XP level 4. HP: 32/32 MP: 7/7
  2670 | D:4      | Reached skill level 5 in Necromancy
  2670 | D:4      | Gained mutation: Your touch may inflict minor irresistible
                  | damage on your foes. [demonic ancestry]
  2670 | D:4      | Reached XP level 5. HP: 20/37 MP: 7/9
  3019 | D:4      | Noticed Ijyb
  3037 | D:4      | Paralysed by Ijyb for 2 turns
  3040 | D:4      | Killed Ijyb
  3318 | D:5      | Entered Level 5 of the Dungeon
  3318 | D:5      | Noticed a centaur
  3325 | D:4      | Reached XP level 6. HP: 44/44 MP: 10/10
  3330 | D:4      | Learned a level 4 spell: Animate Dead
  3354 | D:5      | Splashed by a jelly's acid

Illustrated notes

Levels and vault maps discovered:
D:1:      dpeg_arrival_pits, layout_rooms, serial_shops, nicolae_lakefront_shop
D:2:      kennysheep_big_flooded_room, layout_basic,
          dreamdust_ecumenical_altar_statues, minmay_liquid_box
D:3:      layout_loops_cross, amcnicky_mini_rare_corridor_liquid, uniq_jessica
D:4:      layout_basic, uniq_ijyb
D:5:      layout_loops_cross, gammafunk_temple_overflow_statue, enter_ossuary_2,
          minmay_misc_feat_plants, st_stairs_9

Skill      XL: |  1  2  3  4  5  6 |
---------------+-------------------+-----
Dodging        | 2 3 |  3.0
Stealth        | 2 3 |  3.2
Fighting       | 1 2 |  2.2
Short Blades   | 1 2 |  2.0
Necromancy     | 5 |  5.3
Spellcasting   | 3 |  3.1

Action                   |  1- 3 |  4- 6 || total
-------------------------+-------+-------++-------
Melee: Dagger            |    79 |    98 ||   177
       Touch             |       |    11 ||    11
 Fire: Hunting sling     |    13 |       ||    13
 Cast: Pain              |    20 |     7 ||    27
  Use: Potion            |     1 |       ||     1
       Scroll            |     8 |     3 ||    11
 Stab: Sleeping          |    12 |     9 ||    21
       Distracted        |     1 |       ||     1
Armor: Robe              |    28 |    44 ||    72
Dodge: Dodged            |    42 |    52 ||    94

Table legend: (Time is in decaauts)
 A = Elapsed time spent in this place.
 B = Non-inter-level travel time spent in this place.
 C = Inter-level travel time spent in this place.
 D = Time resting spent in this place.
 E = Time spent auto-exploring this place.
 F = Levels seen in this place.
 G = Mean time per level.
                   A        B        C        D        E       F      G
               +--------+--------+--------+--------+--------+-----+--------+
         Total |   3355 |   3355 |      0 |    533 |   1728 |   5 |  671.0 |
       Dungeon |   3355 |   3355 |      0 |    533 |   1728 |   5 |  671.0 |
               +--------+--------+--------+--------+--------+-----+--------+

Top non-repeatable levels by time:
     D:2: 1182 daAuts
     D:4: 807 daAuts
     D:1: 719 daAuts
     D:3: 630 daAuts
     D:5: 15 daAuts
